 Dungeon Crawl Stone Soup version 0.27.1-34-g3ba077fa99 (webtiles) character file.

Game seed: 9235331681524973753

12 cbfl8 the Caller (level 2, 0/11 HPs)
             Began as a Felid Summoner on Jan 14, 2022.
             Was a Believer of Lugonu.
             Constricted to death by a ball python (1 damage)
             ... on level 1 of the Dungeon.
             The game lasted 00:03:23 (1742 turns).

cbfl8 the Caller (Felid Summoner)                   Turns: 1742, Time: 00:03:23

Health: 0/11       AC:  1    Str:  4    XL:     2   Next: 20%
Magic:  5/6        EV: 14    Int: 16    God:    Lugonu [**....]
Gold:   35         SH:  0    Dex: 16    Spells: 4/5 levels left
                                        Lives:  0   Deaths: 0

rFire    . . .     SeeInvis +   (weapon unavailable)
rCold    . . .     Faith    .   (shield unavailable)
rNeg     . . .     Spirit   .   (armour unavailable)
rPois    .         Reflect  .   (helmet unavailable)
rElec    .         Harm     .   (cloak unavailable)
rCorr    .         Rampage  .   (gloves unavailable)
Will     .....                  (boots unavailable)
Stlth    ++........             (no amulet)
HPRegen  0.03/turn              (no ring)
MPRegen  0.10/turn              (no ring)

@: constricted, quick
A: very small, claws 1, fangs 3, see invisible, speed 1, shaggy fur 1, stealthy
paws, no weapons or thrown items, no armour, multi-lived
a: Renounce Religion, Depart the Abyss, Bend Space


You were on level 1 of the Dungeon.
You worshipped Lugonu.
Lugonu was pleased with you.
You visited 1 branch of the dungeon, and saw 1 of its levels.

You collected 35 gold pieces.

Inventory:

Missiles
 c - 23 arrows
Scrolls
 a - 2 scrolls of noise {unknown}
Potions
 b - a potion of curing {unknown}


   Skills:
 + Level 0.2 Fighting
 + Level 2.7 Dodging
 + Level 2.9 Stealth
 + Level 2.1 Spellcasting
 + Level 4.3 Summonings


You had 4 spell levels left.
You knew the following spells:

 Your Spells              Type           Power      Damage    Failure   Level
a - Summon Small Mammal   Summ           60%        N/A       3%          1

Your spell library contained the following spells:

 Spells                   Type           Power      Damage    Failure   Level
 Call Imp                 Summ           15%        N/A       5%          2
 Call Canine Familiar     Summ           15%        N/A       11%         3
 Summon Guardian Golem    Hex/Summ       8%         N/A       26%         3
 Summon Lightning Spire   Summ/Air       8%         N/A       63%         4


Dungeon Overview and Level Annotations

Branches:
Dungeon (1/15)

Altars:
Lugonu

Shops:
D:1 :


Innate Abilities, Weirdness & Mutations

You have sharp claws.
You have razor-sharp teeth.
You have supernaturally acute eyesight. (SInv)
You cover ground quickly. (Speed+)
You are covered in fur. (AC +1)
Your paws help you pounce on unaware monsters.
You are incapable of wielding weapons or throwing items.
You cannot wear armour.
You gain extra lives every three experience levels.


Message History

Space bends around you!
You blink.
You start resting.
Magic restored.
You start resting.
HP restored.
Things that are here:
a +0 dagger; a stone; a kobold skeleton A ball python is nearby!
A ball python is nearby!
The ball python closely misses you. x2
You scratch the ball python but do no damage.
The ball python barely misses you. The ball python grabs you.
The ball python constricts you.
You barely miss the ball python. Your bite misses the ball python.
The ball python closely misses you. The ball python constricts you.
You closely miss the ball python. The ball python barely misses you.
The ball python constricts you. The ball python barely misses you.
The ball python constricts you.
You barely miss the ball python.
The ball python bites you but does no damage.
The ball python constricts you.
You barely miss the ball python. The ball python misses you.
The ball python constricts you.
You closely miss the ball python. The ball python barely misses you.
The ball python constricts you.
Casting: Summon Small Mammal (safe; 3% risk of failure)
Press: ? - help, Q - select action, (/) - cycle Dir - look around, f - activate The ball python bites you but does no damage.
The ball python constricts you.
* * * LOW HITPOINT WARNING * * *
You barely miss the ball python. The ball python barely misses you.
The ball python constricts you.
Your quokka barely misses the ball python.
The ball python bites you.
* * * LOW HITPOINT WARNING * * *
The ball python constricts you.
* * * LOW HITPOINT WARNING * * *
You barely miss the ball python.
Your quokka bites the ball python.
The ball python misses your quokka. The ball python constricts you.
You die...
PPPPPPPPP.PPP.# #.###..##### P.P...).....P.######.####..## P.P.PPP.PPPPP.....)...####.P# .
P...P..÷....##.#######...## P.PPP.PPPPPPP###.##

#..### P.....P.....P.....#
#..#.#
P.PPPPP.PPP.P###..#######..8#
P.P.P...P...P###Sr....##.8_##
P.P.PPP.PPP.P...@..#########
P.........P.P.###..#


PPPPPPPP÷PP.P......# .........##.).###..# .........###..# #..# ..####.#.# #..#
...# ..# #.#.# ......... ..# #.#############. ..## ###...........### You could
see a ball python (ally target) and a friendly quokka (summoned).

Vanquished Creatures
  An endoplasm (D:1)
  A giant cockroach (D:1)
  2 hobgoblins (D:1)
  4 bats (D:1)
  A kobold (D:1)
  A rat (D:1)
  A bush (D:1)
11 creatures vanquished.

Vanquished Creatures (collateral kills)
  A goblin (D:1)
1 creature vanquished.

Vanquished Creatures (others)
  2 fungi (D:1)
  A plant (D:1)
3 creatures vanquished.

Grand Total: 15 creatures vanquished

Notes
Turn   | Place    | Note
-------+----------+-------------------------------------------
     0 | D:1      | cbfl8 the Felid Summoner began the quest for the Orb.
     0 | D:1      | Reached XP level 1. HP: 7/7 MP: 4/4
   309 | D:1      | Found Renedwoemn's Book Boutique.
  1304 | D:1      | Reached XP level 2. HP: 6/11 MP: 6/6
  1639 | D:1      | Found a faded altar of an unknown god.
  1648 | D:1      | Became a worshipper of Lugonu the Unformed
  1648 | D:1      | Reached * piety under Lugonu
  1648 | D:1      | Reached ** piety under Lugonu
  1742 | D:1      | Constricted to death by a ball python

Illustrated notes

Levels and vault maps discovered:
D:1:      dpeg_arrival_central, layout_loops_ring,
          shapermc_ecumenical_altar_petra, serial_shops,
          nicolae_shop_window_shopping, minmay_hedge_maze,
          minmay_misc_feat_hallway

Action                   || total
-------------------------++-------
Melee: Unarmed           ||   481
       Bite              ||    84
 Cast: Summon Small Mamm ||     8
Invok: Bend Space        ||     1
 Stab: Sleeping          ||     5
Armor: Skin              ||     6
Dodge: Dodged            ||    43
